 Dungeon Crawl Stone Soup version 0.18.1-48-g4cf74bf (webtiles) character file.

8 Lennu the Conjurer (level 2, 19/19 HPs)
             Began as a Demonspawn Conjurer on July 11, 2016.
             Quit the game on level 1 of the Dungeon.
             The game lasted 00:01:26 (639 turns).

Lennu the Conjurer (Demonspawn Conjurer)             Turns: 639, Time: 00:01:26

Health: 19/19      AC:  4    Str:  8    XL:     2   Next: 0%
Magic:  1/5        EV: 12    Int: 16    God:
Gold:   15         SH:  0    Dex: 13    Spells: 1 memorised, 4 levels left

rFire  . . .     SeeInvis .     f - +0 club
rCold  . . .     Gourm    .     a - +0 robe
rNeg   . . .     Faith    .     (no shield)
rPois  .         Spirit   .     (helmet restricted)
rElec  .         Dismiss  .     (no cloak)
rCorr  .         Reflect  .     (no gloves)
SustAt .         Harm     .     j - +1 pair of boots
MR     .....                    (no amulet)
Stlth  ++........               (no ring)
                                (no ring)

@: not resistant to hostile enchantments, unstealthy
A: antennae 1
a: no special abilities


You were on level 1 of the Dungeon.
You were not hungry.

You visited 1 branch of the dungeon, and saw 1 of its levels.

You collected 15 gold pieces.

Inventory:

Hand Weapons
 f - a +0 club (weapon)
Armour
 a - a +0 robe (worn)
 j - a +1 pair of boots (worn)
Scrolls
 d - a scroll of identify {unknown}
 g - 2 scrolls of remove curse {unknown}
 k - a scroll of teleportation {unknown}
 l - a scroll of magic mapping {unknown}
Potions
 e - a potion of invisibility (quivered) {unknown}
 h - a potion of heal wounds {unknown}
 i - 2 potions of degeneration {unknown}
Books
 b - a book of Conjurations

   Spells                             Type                      Level
   a - Magic Dart                     Conjuration                  1
   b - Searing Ray                    Conjuration                  2
   c - Dazzling Spray                 Conjuration/Hexes            3
   d - Fulminant Prism                Conjuration/Hexes            4
   e - Iskenderun's Mystic Blast      Conjuration                  4
   f - Iskenderun's Battlesphere      Conjuration/Charms           5
Comestibles
 c - a bread ration


   Skills:
 + Level 1.8 Dodging
 + Level 1.7 Stealth
 + Level 2.0 Spellcasting
 + Level 4.3 Conjurations


You had 4 spell levels left.
You knew the following spells:

 Your Spells              Type           Power        Failure   Level  Hunger
a - Magic Dart            Conj           ###.         4%          1    #......


Dungeon Overview and Level Annotations

Branches:
Dungeon (1/15)

Altars:


Innate Abilities, Weirdness & Mutations

You have a pair of small antennae on your head.


Message History

Aim: a rat (resting)
The magic dart hits the rat.
The rat is severely wounded.
Casting: Magic Dart
Confirm with . or Enter, or press ? or * to list all spells.
Aiming: Magic Dart
Press: ? - help, Shift-Dir - straight line, f/p - rat
Aim: a rat (severely wounded)
The magic dart hits the rat.
You kill the rat!
You have reached level 2!
Your demonic ancestry asserts itself...
A pair of antennae grows on your head!
Unknown command.
Quiver which item? (- for none, * to show all) (? for menu, Esc to quit)
You don't have any such object.
Quiver which item? (- for none, * to show all) (? for menu, Esc to quit)
Quivering
e - a viscous cyan potion for throwing.
Unknown command.
Are you sure you want to abandon this character and quit the game? (Confirm with "yes".)

#.......## #.### #...#...## #....
.###.......## .... .........#.##
... ......###.## ..##..
......###.##
######..###.####.##...##
#...................#.##
#.#####@.##.#.........##
#..........##.#.##.##...##
.#.#...#..........##.#.##.##...##
...#.#.#..........##.#.##.##...##
......(#..........##.#.#.........
.................................
.......#.#.######..#.#........##.
.......#.#.# ###.#.#....###.##.
.......#.#.#####............#.##.


There were no monsters in sight!

Vanquished Creatures
  A giant gecko (D:1)
  A giant cockroach (D:1)
  2 hobgoblins (D:1)
  A bat (D:1)
  2 rats (D:1)
7 creatures vanquished.

Notes
Turn   | Place    | Note
--------------------------------------------------------------
     0 | D:1      | Lennu the Demonspawn Conjurer began the quest for the Orb.
     0 | D:1      | Reached XP level 1. HP: 13/13 MP: 3/3
   637 | D:1      | Gained mutation: You have a pair of small antennae on your head. [demonic ancestry]
   637 | D:1      | Reached XP level 2. HP: 19/19 MP: 1/5
   639 | D:1      | Quit the game

Action                   || total
-------------------------++-------
Melee: Club              ||    11
       Unarmed           ||     7
 Cast: Magic Dart        ||    11
Armor: Robe              ||    10
Dodge: Dodged            ||    14
